 Dungeon Crawl Stone Soup version 0.29-a0-266-gf56f883ddd (webtiles) character file.

Game seed: 669301690824818902

35 fragbeetle the Chopper (level 3, 0/19 HPs)
             Began as a Vine Stalker Fighter on Mar 6, 2022.
             Succumbed to an adder's poison
             ... on level 2 of the Dungeon.
             The game lasted 00:01:43 (1254 turns).

fragbeetle the Chopper (Vine Stalker Fighter)       Turns: 1254, Time: 00:01:43

Health: 0/19       AC: 10    Str: 20    XL:     3   Next: 35%
Magic:  0/4        EV:  9    Int:  8    God:
Gold:   77         SH:  4    Dex: 13    Spells: 2/2 levels left

rFire   . . .      SeeInvis .   a - +0 war axe
rCold   . . .      Faith    .   c - +0 buckler
rNeg    . . .      Spirit   +   b - +0 scale mail
rPois   .          Reflect  .   e - +0 helmet
rElec   .          Harm     .   g - +2 cloak
rCorr   .          Rampage  .   (no gloves)
Will    .....                   (no boots)
Stlth   ..........              (no amulet)
HPRegen 0.06/turn               (no ring)
MPRegen 0.09/turn               (no ring)

@: mighty, lethally poisoned (0 -> -6)
A: fangs 2, magic shield, antimagic bite, no potion heal 2
a: no special abilities


You were on level 2 of the Dungeon.
You visited 1 branch of the dungeon, and saw 2 of its levels.

You collected 77 gold pieces.

Inventory:

Hand Weapons
 a - a +0 war axe (weapon)
Armour
 b - a +0 scale mail (worn)
 c - a +0 buckler (worn)
 e - a +0 helmet (worn)
 g - a +2 cloak (worn)
Wands
 f - a wand of paralysis (6)
Scrolls
 h - 2 scrolls of identify {unknown}
 i - a scroll of enchant armour {unknown}


   Skills:
 - Level 2.6 Fighting
 + Level 3.3 Axes
 - Level 2.4 Armour
 - Level 2.6 Shields


You had 2 spell levels left.
You didn't know any spells.
Your spell library was empty.

Dungeon Overview and Level Annotations

Branches:
Dungeon (2/15)

Altars:


Innate Abilities, Weirdness & Mutations

You have extremely sharp teeth.
When hurt, damage is shared between your health and your magic reserves.
Your bite disrupts and absorbs the magic of your enemies.
Potions cannot restore your health.


Message History

An adder is nearby!
You hit the adder but do no damage. You bite the adder, but do no damage.
You block the adder's attack. The adder closely misses you.
You closely miss the adder. You bite the adder. You drain its power.
The adder is heavily wounded.
The adder barely misses you.
You barely miss the adder. Your bite misses the adder.
The adder is heavily wounded.
The adder bites you.
You are poisoned.
The adder poisons you! The adder bites you but does no damage.
You miss the adder. Your bite misses the adder.
The adder is moderately wounded.
You feel sick.
The adder bites you but does no damage. x2
You miss the adder. Your bite misses the adder.
The adder is moderately wounded.
You feel sick. The adder bites you.
You are more poisoned.
The adder poisons you! The adder bites you but does no damage.
You hit the adder but do no damage.
The adder is moderately wounded.
You feel sick. The adder bites you but does no damage.
You miss the adder.
The adder is moderately wounded.
You feel sick. The adder closely misses you. The adder barely misses you.
You are too injured to fight recklessly!
Unknown command.
You hit the adder.
The adder is heavily wounded.
You feel sick. You block the adder's attack.
The adder bites you but does no damage.
You closely miss the adder.
The adder is heavily wounded.
You feel sick. The adder bites you.
* * * LOW HITPOINT WARNING * * *
You are lethally poisoned!
The adder poisons you! The adder bites you.
* * * LOW HITPOINT WARNING * * *
You feel very mighty all of a sudden.
You die...

... #.# #.# #.#
#?# #.# #######S#
# #....##@# #.#
#....##.# #+#...#
#....##.##.....#
#<.............#
.#
.#######.#....#.#
..
.........#.#+##
#. ##########.#
#. #.# . #.# #


You could see an adder.

Vanquished Creatures
  A dart slug (D:1)
  6 ball pythons
  4 bats (D:1)
  4 endoplasms
  A giant cockroach (D:1)
  4 goblins (D:1)
  A hobgoblin (D:1)
  3 quokkas (D:1)
  2 kobolds (D:1)
  4 rats
30 creatures vanquished.

Notes
Turn   | Place    | Note
-------+----------+-------------------------------------------
     0 | D:1      | fragbeetle the Vine Stalker Fighter began the quest for the
                  | Orb.
     0 | D:1      | Reached XP level 1. HP: 11/11 MP: 2/2
   141 | D:1      | Reached skill level 2 in Axes
   280 | D:1      | Reached XP level 2. HP: 16/16 MP: 3/3
   415 | D:1      | Reached skill level 3 in Axes
   421 | D:1      | You fall into a shaft and drop 1 floor!
   560 | D:2      | Reached XP level 3. HP: 19/19 MP: 4/4
  1254 | D:2      | Succumbed to an adder's poison

Illustrated notes

Levels and vault maps discovered:
D:1:      lightli_arrival_lavapool, layout_loops_ring
D:2:      layout_basic, basic_altar, basic_ecumenical_altar

Skill      XL: |  1  2 |
---------------+-------+-----
Axes           | 2 3 |  3.3
Fighting       | |  2.6
Armour         | |  2.4
Shields        | |  2.6

Action                   || total
-------------------------++-------
Melee: War axe           ||    65
       Bite              ||    11
  Use: Potion            ||     1
Armor: Scale mail        ||    33
Dodge: Dodged            ||    19
Block: Buckler           ||    12

Table legend: (Time is in decaauts)
 A = Elapsed time spent in this place.
 B = Non-inter-level travel time spent in this place.
 C = Inter-level travel time spent in this place.
 D = Time resting spent in this place.
 E = Time spent auto-exploring this place.
 F = Levels seen in this place.
 G = Mean time per level.
                   A        B        C        D        E       F      G
               +--------+--------+--------+--------+--------+-----+--------+
         Total |   1280 |   1158 |    122 |      0 |    953 |   2 |  640.0 |
       Dungeon |   1280 |   1158 |    122 |      0 |    953 |   2 |  640.0 |
               +--------+--------+--------+--------+--------+-----+--------+

Top non-repeatable levels by time:
     D:1: 1045 daAuts
     D:2: 234 daAuts
